 Dungeon Crawl Stone Soup version 0.14-a0-1765-g49ce880 (webtiles) character file.

332 4tharraofdagon the Firebug (level 6, -9/32 HPs)
             Began as a Tengu Fire Elementalist on Jan 5, 2014.
             Mangled by Prince Ribbit (15 damage)
             ... in a sewer.
             The game lasted 00:05:18 (764 turns).

4tharraofdagon the Firebug (Tengu Fire Elementalist) Turns: 764, Time: 00:05:19

HP  -9/32        AC  8     Str  8      XL: 6   Next: 27%
MP   5/15        EV 10     Int 18      God:
Gold 52          SH  0     Dex 14      Spells:  3 memorised,  3 levels left

rFire  . . .     SeeInvis .     k - +2,+1 dagger (protect)
rCold  . . .     Clarity  .     d - +0 elf leather armour
rNeg   . . .     Conserve .     (no shield)
rPois  .         rCorr    .     (helmet restricted)
rElec  .         rRot     .     (no cloak)
SustAb . .       Spirit   .     (no gloves)
rMut   .         Warding  .     (boots unavailable)
Saprov . . .     Stasis   .     (no amulet)
                                (no ring)
                                (no ring)

@: very slightly contaminated, slightly resistant to hostile enchantments,
fairly stealthy
A: able to fly, beak, talons 3
a: Fly


You were in a sewer.
You were hungry.

You visited 1 branch of the dungeon, and saw 3 of its levels.
You also visited: Sewer.

You collected 52 gold pieces.

Inventory:

Hand weapons
 g - a -1,+0 orcish short sword
 i - a +3,+0 elven spear of dragon slaying
 k - a +2,+1 dagger of protection (weapon)
Armour
 a - a +0 robe
 d - a +0 elven leather armour (worn)
Comestibles
 c - a bread ration
 j - a meat ration
 m - a chunk of giant frog flesh
Scrolls
 e - a scroll of amnesia {unknown}
 f - a scroll of enchant armour {unknown}
 h - 3 scrolls of identify {unknown}
Books
 b - a book of Flames

   Spells                             Type                      Level
   *Flame Tongue                      Conjuration/Fire             1
   Throw Flame                        Conjuration/Fire             2
   *Conjure Flame                     Conjuration/Fire             3
   Inner Flame                        Hexes/Fire                   3
   *Sticky Flame                      Conjuration/Fire             4
   Fireball                           Conjuration/Fire             5


   Skills:
 - Level 2.1 Dodging
 - Level 2.0 Stealth
 + Level 3.1 Spellcasting
 * Level 5.0 Conjurations
 * Level 5.3 Fire Magic


You had 3 spell levels left.
You knew the following spells:

 Your Spells              Type           Power        Failure   Level  Hunger
a - Flame Tongue          Conj/Fire      ###..        1%          1    None
b - Conjure Flame         Conj/Fire      ###.....     6%          3    ###....
c - Sticky Flame          Conj/Fire      ###.....     21%         4    ####...


Dungeon Overview and Level Annotations

Branches:
Dungeon (3/16)

Altars:

Annotations:
D:3 4tharraofdagon's ghost, weakling TeFE Sewer Prince Ribbit


Innate Abilities, Weirdness & Mutations

You can fly.
You have a beak for a mouth.
You have claws for feet.


Message History

* * * LOW HITPOINT WARNING * * *
Unknown command.
Casting: Sticky Flame
Confirm with . or Enter, or press ? or * to list all spells.
Aiming: Flame Tongue
Press: ? - help, Shift-Dir - straight line, f/p - Prince Ribbit
Aim: Prince Ribbit (moderately wounded, covered in liquid flames)
The flame hits Prince Ribbit.
Prince Ribbit is heavily wounded.
Prince Ribbit burns!
Prince Ribbit blinks!
Unknown command.
Casting: Flame Tongue
Confirm with . or Enter, or press ? or * to list all spells.
Aiming: Flame Tongue
Press: ? - help, Shift-Dir - straight line, f/p - Prince Ribbit
Aim: Prince Ribbit (heavily wounded, covered in liquid flames)
The flame hits Prince Ribbit.
Prince Ribbit is severely wounded.
Prince Ribbit burns!
Prince Ribbit hits you!
You die...

#≈≈≈≈.....# #≈≈≈ #≈.#
##≈%.....###≈≈≈≈≈ #≈.###
#≈≈.....##≈≈≈≈≈ #≈..≈#
##..≈≈.##≈≈≈≈≈ ##..≈#
#≈..≈##≈≈≈≈≈ ##≈≈# #..≈≈#
≈≈≈ #.≈#
#≈.≈≈####'#####+#######≈≈#
#≈..≈.#≈≈.......≈≈#.≈.≈..#
##∩≈≈##≈≈.@.....≈≈#≈≈.≈.##
#≈∩≈##≈≈.F.∩...≈≈#≈.≈###
######≈≈.......≈≈#≈.##
##≈≈.....≈≈##≈.#
#####''####≈≈.#
#≈≈≈.≈≈.≈## #≈≈≈≈≈≈≈##
#########


You could see Prince Ribbit (burning).

Vanquished Creatures
  2 giant frogs (Sewer)
  An eye of draining (D:3)
  A big fish (D:3)
  6 adders
  A worm (D:3)
  A giant gecko (D:1)
  5 bats
  3 goblins
  A hobgoblin (D:1)
  7 kobolds
  8 ball pythons
  2 giant newts
  3 rats
41 creatures vanquished.

Notes
Turn   | Place    | Note
--------------------------------------------------------------
     0 | D:1      | 4tharraofdagon, the Tengu Fire Elementalist, began the quest for the Orb.
     0 | D:1      | Reached XP level 1. HP: 10/10 MP: 3/3
    94 | D:1      | Reached XP level 2. HP: 15/15 MP: 1/5
   236 | D:2      | Reached skill level 4 in Fire Magic
   236 | D:2      | Reached XP level 3. HP: 8/19 MP: 1/7
   241 | D:2      | Learned a level 3 spell: Conjure Flame
   269 | D:3      | Noticed an eye of draining
   276 | D:3      | Noticed 4tharraofdagon's ghost (weakling TeFE)
   483 | D:3      | Reached XP level 4. HP: 15/24 MP: 0/9
   500 | D:3      | Killed an eye of draining
   520 | D:3      | Reached XP level 5. HP: 17/28 MP: 0/12
   563 | D:3      | Found a glowing drain.
   590 | Sewer    | Entered a sewer
   702 | Sewer    | Learned a level 4 spell: Sticky Flame
   713 | Sewer    | Reached skill level 5 in Fire Magic
   713 | Sewer    | Reached XP level 6. HP: 17/32 MP: 9/14
   727 | Sewer    | Reached skill level 5 in Conjurations
   757 | Sewer    | Noticed Prince Ribbit
   764 | Sewer    | Mangled by Prince Ribbit

Action                   |  1- 3 |  4- 6 || total
-------------------------+-------+-------++-------
Melee: Dagger            |    14 |    19 ||    33
       Spear             |     3 |       ||     3
       Short sword       |     2 |       ||     2
 Cast: Flame Tongue      |    36 |    21 ||    57
       Sticky Flame      |       |     1 ||     1
  Use: Scroll            |       |     1 ||     1
       Potion            |       |     1 ||     1
 Stab: Sleeping          |     1 |       ||     1
